 Dungeon Crawl Stone Soup version 0.31-a0-640-g39d97e502b (webtiles) character file.

Game seed: 708822544484398814

42 qw the Shooter (level 3, 0/22 HPs)
             Began as a Gargoyle Hunter on Aug 27, 2023.
             Slain by a gnoll
             ... wielding a +0 whip
              (1 damage)
             ... on level 2 of the Dungeon.
             The game lasted 00:00:26 (1060 turns).

qw the Shooter (Gargoyle Hunter)                    Turns: 1060, Time: 00:00:26

Health: 0/22       AC:  6    Str: 14    XL:     3   Next: 56%
Magic:  3/3        EV: 11    Int:  9    God:
Gold:   52         SH:  0    Dex: 15    Spells: 2/2 levels left

rFire   . . .        Y - +0 shortbow
rCold   . . .        (shield currently unavailable)
rNeg    + . .        c - +0 leather armour
rPois   inf          (no helmet)
rElec   +            (no cloak)
rCorr   .            (no gloves)
SInv    .            (no boots)
Will    .....        (no amulet)
Stlth   ++           (no ring)
HPRegen 0.23/turn    (no ring)
MPRegen 0.08/turn

%: no passive effects
@: no status effects
A: sickness immunity, AC +3, negative energy resistance 1, electricity
resistance, torment resistance 1, petrification resistance
a: no special abilities


You were on level 2 of the Dungeon.
You visited 1 branch of the dungeon, and saw 2 of its levels.

You collected 52 gold pieces.


Innate Abilities, Weirdness & Mutations

You are immune to sickness and miasma.
Your stone body is resilient. (AC +3)
You are immune to poison.
You resist negative energy. (rN+)
You are resistant to electric shocks. (rElec)
You are resistant to unholy torment.
You are immune to petrification.


   Skills:
 + Level 2.7 Fighting
 - Level 5.0 Ranged Weapons
 - Level 1.5 Dodging
 - Level 1.1 Stealth


You had 2 spell levels left.
You didn't know any spells.
Your spell library was empty.

Inventory:

Hand Weapons
 Y - a +0 shortbow (weapon)
Armour
 c - a +0 leather armour (worn)
Potions
 a - a potion of heal wounds {unknown}
 d - a potion of brilliance {unknown}
 e - a potion of might {unknown}

Dungeon Overview and Level Annotations

Branches:
Dungeon (2/15)

Altars:


Message History

A gnoll comes into view. It is wielding a +0 whip.
You shoot an arrow. The arrow hits the bat.
The bat is moderately wounded.
The bat hits you but does no damage.
You shoot an arrow. The arrow barely misses the bat.
The bat closely misses you.
You shoot an arrow. The arrow hits the bat.
You kill the bat!
A gnoll comes into view. It is wielding a +0 spear.
1046 ||| Stepping ~*~*~tactically~*~*~ (retreating).
There is a stone staircase leading up here.
You shoot an arrow. The arrow hits the gnoll.
The gnoll is moderately wounded.
1048 ||| RETREATING.
1050 ||| Stepping ~*~*~tactically~*~*~ (retreating).
The gnoll attacks as it pursues you! The gnoll completely misses you.
1051 ||| Stepping ~*~*~tactically~*~*~ (retreating).
1052 ||| RETREATING.
The gnoll hits you from afar with a +0 halberd.
1053 ||| Stepping ~*~*~tactically~*~*~ (retreating).
The gnoll hits you from afar with a +0 halberd!
1054 ||| Stepping ~*~*~tactically~*~*~ (retreating).
1055 ||| Stepping ~*~*~tactically~*~*~ (retreating).
You shoot an arrow.
The arrow hits the gnoll but does no damage.
The gnoll hits you from afar with a +0 spear.
The gnoll hits you with a +0 whip.
You shoot an arrow. The arrow hits the gnoll.
The gnoll is lightly wounded.
The gnoll barely misses you. x2
You shoot an arrow. The arrow barely misses the gnoll.
The gnoll closely misses you. The gnoll barely misses you. x2
You shoot an arrow. The arrow barely misses the gnoll.
The gnoll hits you from afar with a +0 spear.
The gnoll closely misses you. The gnoll barely misses you.
The gnoll hits you from afar with a +0 spear.
The gnoll completely misses you.
You shoot an arrow. The arrow barely misses the gnoll.
The gnoll hits you with a +0 whip.
You die...

.... .# #.# ....
..###.## # .....
..##.. .#
.....##....###.##
........#.......
=...#.>...#.#
#....#....##
..#######...g@...#
.....#.......###..#
...........gg### .#
...............#
.............#.....#
..........<..#####..#
>......%...%....# #
..................
.............##.##


You could see 3 gnolls.

Vanquished Creatures
  A worm (D:2)
  2 dart slugs (D:1)
  2 ball pythons (D:1)
  3 bats
  4 endoplasms
  4 giant cockroaches
  4 jackals (D:1)
  7 kobolds (D:1)
  A frilled lizard (D:1)
  3 rats
31 creatures vanquished.

Notes
Turn   | Place    | Note
-------+----------+-------------------------------------------
     0 | D:1      | qw the Gargoyle Hunter began the quest for the Orb.
     0 | D:1      | Reached XP level 1. HP: 12/12 MP: 1/1
     0 | D:1      | 0 ||| qw: Version: 0.3-a-74-g56b0e0c
     0 | D:1      | 0 ||| qw: Game counter: 13
     0 | D:1      | 0 ||| qw: Melee chars always use a shield: true
     0 | D:1      | 0 ||| qw: God list: Okawaru
     0 | D:1      | 0 ||| qw: Allow faded altars: false
     0 | D:1      | 0 ||| qw: Do Orc after clearing Dungeon:15 true
     0 | D:1      | 0 ||| qw: Do second Lair branch before Depths: true
     0 | D:1      | 0 ||| qw: Lair rune preference: random
     0 | D:1      | 0 ||| qw: Goals: Normal
     0 | D:1      | 0 ||| PLANNING D:1-11
     3 | D:1      | 3 ||| DROPPING scroll of butterflies.
    56 | D:1      | Reached XP level 2. HP: 17/17 MP: 2/2
   451 | D:1      | Reached XP level 3. HP: 21/21 MP: 3/3
   461 | D:1      | Reached skill level 5 in Ranged Weapons
   959 | D:1      | 959 ||| READING scroll labelled LISOROZXEUGG.
   960 | D:1      | 960 ||| READING scroll labelled WESTAH WUOCSU.
   992 | D:2      | 992 ||| FLEEEEING.
   993 | D:2      | 993 ||| FLEEEEING.
   994 | D:2      | 994 ||| FLEEEEING.
   995 | D:2      | 995 ||| FLEEEEING.
   996 | D:2      | 996 ||| FLEEEEING.
   997 | D:2      | 997 ||| STAIRDANCE
  1019 | D:2      | 1019 ||| STAIRDANCE
  1046 | D:2      | 1046 ||| Stepping ~*~*~tactically~*~*~ (retreating).
  1048 | D:2      | 1048 ||| RETREATING.
  1050 | D:2      | 1050 ||| Stepping ~*~*~tactically~*~*~ (retreating).
  1051 | D:2      | 1051 ||| Stepping ~*~*~tactically~*~*~ (retreating).
  1052 | D:2      | 1052 ||| RETREATING.
  1053 | D:2      | 1053 ||| Stepping ~*~*~tactically~*~*~ (retreating).
  1054 | D:2      | 1054 ||| Stepping ~*~*~tactically~*~*~ (retreating).
  1055 | D:2      | 1055 ||| Stepping ~*~*~tactically~*~*~ (retreating).
  1059 | D:2      | HP: 4/22 [gnoll/+0 spear (6)]
  1059 | D:2      | HP: 1/22 [gnoll/+0 spear (3)]
  1060 | D:2      | Slain by a gnoll

Levels and vault maps discovered:
D:1:      minmay_arrival_glassed_features, layout_basic,
          chequers_serial_rivers_micro_d, chequers_hall_statues_wall_a,
          st_stairs_7
D:2:      layout_rooms

Skill      XL: |  1  2  3 |
---------------+----------+-----
Ranged Weapons | 5 |  5.0
Fighting       | |  2.7
Dodging        | |  1.5
Stealth        | |  1.1

Action                     || total
---------------------------++-------
   Fire: Shortbow          ||    93
    Use: Scroll            ||     2
 Armour: Leather armour    ||    17
  Dodge: Dodged            ||    30

Table legend:
 A = Non-vault XP
 B = Vault XP
 C = Vault XP percentage of total XP
 D = Non-vault monster count
 E = Vault monster count
 F = Vault count percentage of total count
                 A         B        C        D         E       F
            +---------+---------+-------+---------+---------+-------
      Total |      57 |       4 |   6.6 |      30 |       1 |   3.2
            +---------+---------+-------+---------+---------+-------
        D:1 |      46 |       4 |   8.0 |      25 |       1 |   3.8
        D:2 |      11 |       0 |   0.0 |       5 |       0 |   0.0
            +---------+---------+-------+---------+---------+-------
